[Event "Asian Amateur-ch Open 2022"]
[Site "Muscat"]
[Date "2022.10.04"]
[Round "8.18"]
[White "kloub.M"]
[Black "Al Zadjali, Abdul Rahman"]
[Result "0-1"]
[ECO "A60"]
[WhiteElo "1687"]
[BlackElo "1534"]
[Annotator "NA RC COMBH"]
[PlyCount "62"]
[EventDate "2022.09.29"]
[EventType "swiss"]
[EventCountry "OMN"]
[SourceTitle "playchess.com"]
[Source "ChessBase"]
[SourceQuality "1"]
[TimeControl "5400+30"]

1. d4 Nf6 2. c4 c5 3. d5 e5 4. dxe6 fxe6 5. g3 Be7 6. Bg2 O-O 7. Nf3 Nc6 8. Nc3 d5 9. cxd5 exd5 10. e3 Kh8 11. O-O a6 12. a3 Be6 13. Qc2 Qc7 14. Rd1 Bg8 15. Nh4 d4 16. exd4 Nxd4 17. Qd3 Ng4 18. Bf4 Rxf4 19. Ng6+ hxg6 20. gxf4 Qxf4 21. Qh3+ Bh7 22. Qg3 g5 23. h3 Qxg3 24. fxg3 Ne3 25. Re1 Ndc2 26. Rac1 Bf6 27. Re2 Bd3 28. Rd2 c4 29. Be4 Bxc3 30. Rxd3 cxd3 31. bxc3 d2 0-1

[Event "Asian Amateur-ch Open 2022"]
[Site "Muscat"]
[Date "2022.10.04"]
[Round "8.19"]
[White "UMER S.M"]
[Black "Ghaith Saeed Alnuaimi"]
[Result "1-0"]
[ECO "D02"]
[WhiteElo "1631"]
[BlackElo "1269"]
[Annotator "NA RC COMBH"]
[PlyCount "61"]
[EventDate "2022.09.29"]
[EventType "swiss"]
[EventCountry "OMN"]
[SourceTitle "playchess.com"]
[Source "ChessBase"]
[SourceQuality "1"]
[TimeControl "5400+30"]

1. d4 Nf6 2. Nf3 d5 3. Bf4 e6 4. e3 Bd6 5. Nbd2 O-O 6. Bd3 c5 7. dxc5 Bxf4 8. exf4 Qa5 9. O-O Qxc5 10. Re1 Nc6 11. c3 b5 12. Ne5 Ne7 13. a3 a6 14. Nb3 Qc7 15. Nd4 g6 16. g4 Nd7 17. Qf3 Nc5 18. g5 Bb7 19. Qh3 Nf5 20. Ng4 h5 21. Nf6+ Kg7 22. Bxf5 exf5 23. Re5 Rh8 24. Rae1 Ne4 25. f3 Nxf6 26. gxf6+ Kxf6 27. Qg3 Kg7 28. Re7 Qb6 29. R1e6 Qd8 30. Qxg6+ Kf8 31. Rxf7# 1-0

[Event "Asian Amateur-ch Open 2022"]
[Site "Muscat"]
[Date "2022.10.04"]
[Round "8.21"]
[White "Sharaf, Khaleel"]
[Black "Al Jahwari, Adnan Mohammed"]
[Result "1-0"]
[ECO "A29"]
[WhiteElo "1874"]
[BlackElo "1546"]
[Annotator "NA RC COMBH"]
[PlyCount "55"]
[EventDate "2022.09.29"]
[EventType "swiss"]
[EventCountry "OMN"]
[SourceTitle "playchess.com"]
[Source "ChessBase"]
[SourceQuality "1"]
[TimeControl "5400+30"]

1. c4 e5 2. Nc3 Nf6 3. Nf3 Nc6 4. g3 d5 5. cxd5 Nxd5 6. Bg2 Be6 7. O-O f6 8. d4 Nxc3 9. bxc3 exd4 10. cxd4 Qd7 11. e4 Bg4 12. Be3 O-O-O 13. Qb3 h5 14. Rab1 b6 15. Rfc1 Bxf3 16. Bxf3 Nxd4 17. Bxd4 Qxd4 18. Qe6+ Qd7 19. Qc4 c5 20. e5 Qd3 21. Qe6+ Qd7 22. Qb3 Qd3 23. Rc3 Qd7 24. Rd1 Qc7 25. Qe6+ Kb8 26. Rxd8+ Qxd8 27. Qc6 Qe7 28. Rd3 1-0

[Event "Asian Amateur-ch Open 2022"]
[Site "Muscat"]
[Date "2022.10.04"]
[Round "8.22"]
[White "Al Balushi, Emad"]
[Black "Hayabik, Husain"]
[Result "1-0"]
[ECO "A25"]
[WhiteElo "1617"]
[BlackElo "1828"]
[Annotator "NA RC COMBH"]
[PlyCount "107"]
[EventDate "2022.09.29"]
[EventType "swiss"]
[EventCountry "OMN"]
[SourceTitle "playchess.com"]
[Source "ChessBase"]
[SourceQuality "1"]
[TimeControl "5400+30"]

1. c4 e5 2. g3 Nc6 3. Bg2 Nf6 4. Nc3 d6 5. h3 Be7 6. e3 Be6 7. b3 O-O 8. Nge2 Qd7 9. d4 exd4 10. exd4 Bf5 11. g4 Bg6 12. O-O h5 13. g5 Nh7 14. h4 Qg4 15. d5 Nb4 16. Qd4 Bd3 17. Qxg4 hxg4 18. Rd1 f6 19. a3 Bxe2 20. Nxe2 fxg5 21. axb4 gxh4 22. Nf4 Bf6 23. Ra2 h3 24. Bh1 h2+ 25. Kg2 Bc3 26. Ne6 Rf7 27. Kxh2 Bxb4 28. Be4 Nf6 29. Bg6 Re7 30. Bd2 Bxd2 31. Raxd2 c6 32. Kg2 cxd5 33. cxd5 Nxd5 34. Rxd5 Rxe6 35. Rxd6 Rxd6 36. Rxd6 Kf8 37. Rd7 b6 38. Bf5 a5 39. Rb7 a4 40. bxa4 Rxa4 41. Rxb6 Ke7 42. Kg3 Kf7 43. Bxg4 Ke7 44. f4 Kf7 45. f5 Ra7 46. Kf4 Rc7 47. Kg5 Rc8 48. Bh5+ Kf8 49. Kg6 Kg8 50. Bd1 Kh8 51. Bf3 Rd8 52. Re6 Kg8 53. Bc6 Kf8 54. Re8+ 1-0

[Event "Asian Amateur-ch Open 2022"]
[Site "Muscat"]
[Date "2022.10.04"]
[Round "8.23"]
[White "Al Mamari, Ali Abdullah"]
[Black "Gabdushev, Arman"]
[Result "0-1"]
[ECO "D11"]
[WhiteElo "1509"]
[BlackElo "1827"]
[Annotator "NA RC COMBH"]
[PlyCount "76"]
[EventDate "2022.09.29"]
[EventType "swiss"]
[EventCountry "OMN"]
[SourceTitle "playchess.com"]
[Source "ChessBase"]
[SourceQuality "1"]
[TimeControl "5400+30"]

1. Nf3 d5 2. d4 Nf6 3. g3 Bf5 4. Bg2 e6 5. O-O h6 6. c4 c6 7. Nc3 Be7 8. Ne5 Nbd7 9. cxd5 exd5 10. Bf4 g5 11. Nxd7 Qxd7 12. Be5 Bh3 13. e3 Bxg2 14. Kxg2 h5 15. h3 Rh6 16. Bxf6 Bxf6 17. b4 O-O-O 18. b5 c5 19. Na4 cxd4 20. Nc5 Qf5 21. Qa4 Kb8 22. Rab1 Be7 23. Qa5 Rc8 24. e4 dxe4 25. Na6+ Rxa6 26. bxa6 Qxa5 27. Rxb7+ Ka8 28. Rxe7 Qxa6 29. Rxe4 Qb7 30. f3 Rc2+ 31. Rf2 Rxf2+ 32. Kxf2 Qb2+ 33. Re2 Qc3 34. Re8+ Kb7 35. Re7+ Kb6 36. Rxf7 Qe3+ 37. Kf1 d3 38. Rf6+ Kc5 0-1

[Event "Asian Amateur-ch Open 2022"]
[Site "Muscat"]
[Date "2022.10.04"]
[Round "8.24"]
[White "Al Ansi Amin"]
[Black "Al Zaabi, Faras"]
[Result "0-1"]
[ECO "C42"]
[WhiteElo "1806"]
[BlackElo "1514"]
[Annotator "NA RC COMBH"]
[PlyCount "42"]
[EventDate "2022.09.29"]
[EventType "swiss"]
[EventCountry "OMN"]
[SourceTitle "playchess.com"]
[Source "ChessBase"]
[SourceQuality "1"]
[TimeControl "5400+30"]

1. e4 e5 2. Nf3 Nf6 3. Nc3 Bb4 4. Bc4 Bxc3 5. dxc3 O-O 6. Bg5 d6 7. Qe2 Nbd7 8. O-O-O Qe7 9. Bb3 Nc5 10. h3 a5 11. a3 Be6 12. Nd2 c6 13. f4 exf4 14. Bxf4 Bxb3 15. Nxb3 Nxb3+ 16. cxb3 Nxe4 17. Bxd6 Qg5+ 18. Kc2 Rfe8 19. Bc7 Ng3 20. Qg4 Re2+ 21. Kd3 Qe3+ 0-1

[Event "Asian Amateur-ch Open 2022"]
[Site "Muscat"]
[Date "2022.10.04"]
[Round "8.25"]
[White "Shaurya Dinesh Sawlani"]
[Black "Nadeem Aziz"]
[Result "1-0"]
[ECO "B30"]
[WhiteElo "1448"]
[BlackElo "1797"]
[Annotator "NA RC COMBH"]
[PlyCount "71"]
[EventDate "2022.09.29"]
[EventType "swiss"]
[EventCountry "OMN"]
[SourceTitle "playchess.com"]
[Source "ChessBase"]
[SourceQuality "1"]
[TimeControl "5400+30"]

1. e4 c5 2. Nf3 e6 3. Nc3 Nc6 4. Bb5 Nd4 5. O-O Nxb5 6. Nxb5 a6 7. Nc3 d6 8. d4 cxd4 9. Qxd4 e5 10. Qd3 Be6 11. Ng5 Nf6 12. Nxe6 fxe6 13. Kh1 Be7 14. f4 O-O 15. fxe5 dxe5 16. Qe2 Qb6 17. Be3 Qc6 18. Bg5 Bb4 19. Bxf6 Rxf6 20. Rxf6 gxf6 21. Rf1 Be7 22. Rf3 Kh8 23. Rh3 Rg8 24. Qh5 Rg7 25. Rd3 b5 26. a3 f5 27. Rg3 Rxg3 28. hxg3 b4 29. axb4 Bxb4 30. exf5 Bxc3 31. Qf7 Qc8 32. fxe6 Qg8 33. Qf6+ Qg7 34. Qd8+ Qg8 35. e7 Ba5 36. Qxg8+ 1-0

[Event "Asian Amateur-ch Open 2022"]
[Site "Muscat"]
[Date "2022.10.04"]
[Round "8.26"]
[White "Al Abdali, Zeyad Saleh"]
[Black "Al Mamari Mohammed Salim"]
[Result "1/2-1/2"]
[ECO "E12"]
[WhiteElo "1780"]
[BlackElo "1685"]
[Annotator "NA RC COMBH"]
[PlyCount "106"]
[EventDate "2022.09.29"]
[EventType "swiss"]
[EventCountry "OMN"]
[SourceTitle "playchess.com"]
[Source "ChessBase"]
[SourceQuality "1"]
[TimeControl "5400+30"]

1. d4 Nf6 2. c4 e6 3. Nf3 b6 4. a3 Bb7 5. Nc3 Be7 6. d5 O-O 7. e4 exd5 8. exd5 d6 9. Be2 Nfd7 10. O-O Re8 11. Nd4 Bf6 12. Nf5 Bxc3 13. bxc3 Na6 14. Bd3 Ne5 15. Bc2 Nc5 16. Be3 Bc8 17. Qh5 Bxf5 18. Qxf5 g6 19. Qf4 Ncd7 20. Bd4 Qf6 21. Qg3 Qd8 22. f4 Nxc4 23. f5 Nce5 24. fxg6 fxg6 25. Rf4 Qe7 26. Bf5 Rf8 27. Be6+ Kg7 28. Rh4 Rf6 29. Qe3 Kh8 30. Re4 Raf8 31. Bxd7 Qxd7 32. Rd1 Qb5 33. h3 Qxd5 34. c4 Qc6 35. Rxe5 dxe5 36. Bxe5 Kg8 37. Bxf6 Qxf6 38. Rd7 Rf7 39. Rd4 Kg7 40. Re4 a5 41. Re6 Qf1+ 42. Kh2 Qf4+ 43. Qxf4 Rxf4 44. Rc6 Rf7 45. a4 Kh6 46. c5 bxc5 47. Rxc5 Rf4 48. Rxa5 c5 49. Rxc5 Rxa4 50. g4 Ra7 51. Kg3 Rf7 52. Kh4 Kg7 53. Rf5 Kh6 1/2-1/2

[Event "Asian Amateur-ch Open 2022"]
[Site "Muscat"]
[Date "2022.10.04"]
[Round "8.27"]
[White "Jaradat, Othman"]
[Black "Humaidan Mohamed, Alzaabi"]
[Result "1-0"]
[ECO "B43"]
[WhiteElo "1751"]
[BlackElo "1393"]
[Annotator "NA RC COMBH"]
[PlyCount "85"]
[EventDate "2022.09.29"]
[EventType "swiss"]
[EventCountry "OMN"]
[SourceTitle "playchess.com"]
[Source "ChessBase"]
[SourceQuality "1"]
[TimeControl "5400+30"]

1. e4 c5 2. Nf3 e6 3. d4 cxd4 4. Nxd4 a6 5. Nc3 Qc7 6. Be3 Nf6 7. f3 Bb4 8. Qd3 d5 9. exd5 Nxd5 10. Bd2 Nxc3 11. Bxc3 Bxc3+ 12. Qxc3 Qxc3+ 13. bxc3 e5 14. Nb3 Nd7 15. Bd3 b6 16. c4 Bb7 17. Rb1 O-O 18. Na5 Bxf3 19. gxf3 bxa5 20. Kf2 f5 21. Kg2 Nc5 22. Rhe1 Rae8 23. Rb6 e4 24. fxe4 fxe4 25. Be2 Rf6 26. Rxf6 gxf6 27. Rf1 Kg7 28. Rf5 Rc8 29. Kg3 Nb7 30. Kf4 Rc5 31. Rd5 Rxd5 32. cxd5 Nc5 33. Ke3 f5 34. Kd4 f4 35. Kxc5 f3 36. Bxa6 e3 37. d6 e2 38. d7 e1=Q 39. d8=Q Qc3+ 40. Bc4 Qb4+ 41. Kd5 Qd2+ 42. Bd3 f2 43. Qe7+ 1-0

[Event "Asian Amateur-ch Open 2022"]
[Site "Muscat"]
[Date "2022.10.04"]
[Round "8.28"]
[White "Krishanu Sai"]
[Black "Aubrey Armstrong A"]
[Result "1-0"]
[ECO "E65"]
[WhiteElo "1748"]
[BlackElo "1370"]
[Annotator "NA RC COMBH"]
[PlyCount "97"]
[EventDate "2022.09.29"]
[EventType "swiss"]
[EventCountry "OMN"]
[SourceTitle "playchess.com"]
[Source "ChessBase"]
[SourceQuality "1"]
[TimeControl "5400+30"]

1. d4 Nf6 2. Nf3 g6 3. c4 Bg7 4. g3 O-O 5. Bg2 d6 6. O-O Nbd7 7. Nc3 c5 8. e4 cxd4 9. Nxd4 Nb6 10. Qd3 Nfd7 11. b3 a6 12. Bb2 Qc7 13. Rfd1 Ne5 14. Qd2 Qc5 15. Nce2 Bg4 16. Rac1 Nbd7 17. h3 Bxe2 18. Qxe2 Rac8 19. Kh2 Nc6 20. Nxc6 bxc6 21. e5 Bxe5 22. Bxe5 Qxe5 23. Qxe5 Nxe5 24. c5 d5 25. Rd4 e6 26. Ra4 Ra8 27. Ra5 Nd7 28. Bf1 Nb8 29. b4 Rc8 30. a4 Nd7 31. Rxa6 Rxa6 32. Bxa6 Rc7 33. b5 cxb5 34. c6 Nb8 35. axb5 Nxa6 36. bxa6 Kf8 37. a7 Rc8 38. Rb1 Ke7 39. Rb8 Rxc6 40. a8=Q Rc2 41. Qa7+ Kf6 42. Rb7 Ke5 43. Rxf7 d4 44. Qb8+ Ke4 45. Qd6 e5 46. Re7 Rxf2+ 47. Kg1 Rf5 48. g4 Rg5 49. Kf2 1-0

[Event "Asian Amateur-ch Open 2022"]
[Site "Muscat"]
[Date "2022.10.04"]
[Round "8.30"]
[White "Ibnu, Iwan Schani"]
[Black "Al Rashdi, Mohammed"]
[Result "1-0"]
[ECO "C67"]
[WhiteElo "1689"]
[BlackElo "1322"]
[Annotator "NA RC COMBH"]
[PlyCount "83"]
[EventDate "2022.09.29"]
[EventType "swiss"]
[EventCountry "OMN"]
[SourceTitle "playchess.com"]
[Source "ChessBase"]
[SourceQuality "1"]
[TimeControl "5400+30"]

1. e4 e5 2. Nf3 Nc6 3. Bb5 Nf6 4. O-O Nxe4 5. d4 Nd6 6. Bxc6 bxc6 7. dxe5 Nb7 8. c4 Be7 9. Nc3 O-O 10. Bf4 d6 11. Qe2 d5 12. Rad1 Be6 13. Nd4 Qd7 14. Nxc6 Bg4 15. Nxe7+ Qxe7 16. Qxg4 dxc4 17. Bh6 Qxe5 18. Bf4 Qf6 19. Nd5 Qe6 20. Qg3 Rad8 21. Nxc7 Qc6 22. Rxd8 Rxd8 23. Qa3 Rd7 24. Qxa7 h6 25. Na6 Nd8 26. Qe3 Kh7 27. Nb4 Qf6 28. Qe4+ g6 29. Qe8 Qe7 30. Qxe7 Rxe7 31. Bd2 Re2 32. Bc3 Ne6 33. Re1 Rxe1+ 34. Bxe1 Nc5 35. Kf1 g5 36. Ke2 Kg6 37. Ke3 Ne6 38. Nc6 f6 39. a4 Nc5 40. a5 Kf7 41. Kd4 Na6 42. Kxc4 1-0

[Event "Asian Amateur-ch Open 2022"]
[Site "Muscat"]
[Date "2022.10.04"]
[Round "8.33"]
[White "Salim Issa, Ali Shamas"]
[Black "Salem Muhsan Shuaib"]
[Result "1/2-1/2"]
[ECO "D53"]
[WhiteElo "1886"]
[BlackElo "1227"]
[Annotator "NA RC COMBH"]
[PlyCount "72"]
[EventDate "2022.09.29"]
[EventType "swiss"]
[EventCountry "OMN"]
[SourceTitle "playchess.com"]
[Source "ChessBase"]
[SourceQuality "1"]
[TimeControl "5400+30"]

1. d4 d5 2. c4 e6 3. Nc3 Nf6 4. Bg5 Be7 5. e3 O-O 6. Bd3 dxc4 7. Bxc4 c5 8. Nge2 Nc6 9. O-O cxd4 10. exd4 Nd5 11. Bxe7 Nxc3 12. bxc3 Qxe7 13. Bd3 Rd8 14. f4 b6 15. Be4 Bb7 16. Qb1 g6 17. h3 Rac8 18. Rc1 Rc7 19. Kh2 Na5 20. Bxb7 Nxb7 21. Qe4 Nd6 22. Qd3 Nf5 23. a4 Qd6 24. g4 Ne7 25. Qg3 Rdc8 26. a5 Nd5 27. axb6 Nxb6 28. Ra6 Qd5 29. Rca1 Qc4 30. Qf3 Nd5 31. Rxa7 Rxa7 32. Rxa7 Nxc3 33. Nxc3 Qxc3 34. Qxc3 Rxc3 35. Kg2 Rd3 36. Rd7 Kg7 1/2-1/2

[Event "Asian Amateur-ch Open 2022"]
[Site "Muscat"]
[Date "2022.10.05"]
[Round "9.1"]
[White "Zahmati, Sobhan"]
[Black "Mohammed Tareq Abbood Al-Latoo"]
[Result "1-0"]
[ECO "E04"]
[WhiteElo "1926"]
[BlackElo "1957"]
[Annotator "TA"]
[PlyCount "71"]
[EventDate "2022.09.29"]
[EventType "swiss"]
[EventCountry "OMN"]
[SourceTitle "playchess.com"]
[Source "ChessBase"]
[SourceQuality "1"]
[TimeControl "5400+30"]

1. d4 Nf6 2. Nf3 e6 3. g3 c5 4. c4 d5 5. Bg2 Nc6 6. O-O dxc4 7. dxc5 Qxd1 8. Rxd1 Bxc5 9. Nbd2 c3 10. bxc3 O-O 11. Nb3 Bb6 {[%emt 0:00:11] E04: Open Catalan: 5 Nf3.} 12. c4 Ne4 13. e3 e5 {[%emt 0:12:59] White is slightly better.} 14. Bb2 {[%emt 0:10:12] [#]} Re8 $146 ({Predecessor:} 14... Be6 15. Nxe5 Nxe5 16. Bxe5 Nc5 17. Bd6 Nxb3 18. axb3 Rfd8 19. Bxb7 Bg4 20. Bxa8 Bxd1 21. Rxd1 {1-0 (30) Mikhalevski,V (2573)-Suasnabar,J (1952) Chess.com INT 2021}) 15. Rac1 f5 16. Nfd2 Nxd2 17. Bd5+ Be6 {[%emt 0:00:32] Threatens to win with ...Nxb3.} 18. Rxd2 Bf7 19. Rcd1 a5 (19... Rac8 $14) 20. Bxf7+ $16 {[%emt 0:02:23] White leaves nothing to chance now.} Kxf7 21. Rd7+ Re7 22. Ba3 {[%emt 0:00:33] White is much more active.} Nb4 23. Rxe7+ Kxe7 24. Rd5 Bc7 {[%emt 0:06:16] [#]} (24... Ke6 $16 25. Rb5 Bc7) 25. Nxa5 $1 $18 Bd6 (25... Bxa5 $2 {[#]} 26. Rxa5 $1 Rxa5 27. Bxb4+ Kd7 28. Bxa5 $18) 26. Rb5 {[%emt 0:01:23] Strongly threatening c5.} ({And not} 26. Nxb7 Nxd5 27. Bxd6+ Ke6 28. cxd5+ Kxd5 $17) 26... b6 {[%emt 0:02:34] Inhibits c5.} (26... Ke6 {was called for.} 27. Bxb4 Bxb4) 27. Bxb4 bxa5 28. Rxe5+ Kd7 29. Bxd6 Kxd6 30. Rxf5 {[%emt 0:00:07][%mdl 4096] Endgame KR-KR} a4 31. Kg2 Rb8 32. Rb5 {[%emt 0:00:45] White is clearly winning.} Rc8 33. Rb4 Ra8 34. a3 Kc5 35. Kf3 Ra7 36. Ke2 {[%emt 0:00:15] Weighted Error Value: White=0.04 (flawless) /Black=0.30} 1-0

[Event "Asian Amateur-ch Open 2022"]
[Site "Muscat"]
[Date "2022.10.05"]
[Round "9.2"]
[White "Mahmoody, M. Sadegh"]
[Black "Fooladi, Behrooz"]
[Result "0-1"]
[ECO "D02"]
[WhiteElo "1914"]
[BlackElo "1928"]
[Annotator "TA"]
[PlyCount "56"]
[EventDate "2022.09.29"]
[EventType "swiss"]
[EventCountry "OMN"]
[SourceTitle "playchess.com"]
[Source "ChessBase"]
[SourceQuality "1"]
[TimeControl "5400+30"]

1. d4 Nf6 2. Nf3 g6 3. g3 d5 4. Bg2 Bg7 5. Nbd2 O-O 6. O-O c5 7. e3 {[%emt 0:00:50] [#] D02: 1 d4 d5 2 Nf3 sidelines, including 2...Nf6 3 g3 and 2...Nf6 3 Bf4.} Bf5 $146 ({Predecessor:} 7... Nc6 8. c3 Bf5 9. Ne5 Nxe5 10. dxe5 Ng4 11. Qb3 Nxe5 12. Qxb7 e6 13. e4 dxe4 14. Nxe4 Rb8 15. Qxa7 {1-0 (38) Ju,W (2567)-Muzychuk,M (2544) Huaian 2017}) 8. dxc5 Na6 9. Nd4 {[%emt 0:02:10] Black is slightly better.} Bg4 $1 10. f3 Bd7 11. c4 Nxc5 12. b4 (12. cxd5 $15 Nxd5 13. N2b3 Nxb3 14. Qxb3) 12... Nd3 13. Ba3 (13. Qb3 $17 {was necessary.} Nxc1 14. Raxc1) 13... e5 $19 14. N4b3 {[%emt 0:04:18] [#]} dxc4 $1 15. Nxc4 Bb5 16. Nbd2 (16. Nba5 $142 Qd5 17. Nb2) 16... Rc8 17. Qb3 Qd5 18. Na5 b6 19. Qxd5 (19. Bh3 $142) 19... Nxd5 {[%emt 0:00:04] Black is clearly winning.} 20. Nb7 (20. Nac4 $142 Bxc4 21. Nxc4 Rxc4 22. Rad1) 20... Nxe3 {[%emt 0:02:02] [#] Threatens to win with ...Rc2.} 21. Nd6 Rc2 22. Nxb5 Rxd2 23. Bh3 Nxf1 24. Bxf1 e4 25. Rb1 a6 26. Nc7 Bd4+ (26... Rc8 $142 27. Bxd3 Rxd3 28. fxe4 Rxc7) 27. Kh1 exf3 {[%emt 0:03:17] ( -> ...Nf2+)} 28. Bxd3 Rxd3 {[%emt 0:00:11] Black took control after the opening.  Weighted Error Value: White=1.11/Black=0.22 (precise)} 0-1

[Event "Asian Amateur-ch Open 2022"]
[Site "Muscat"]
[Date "2022.10.05"]
[Round "9.3"]
[White "Srivatsan Karthikeyan"]
[Black "Shahali, Milad"]
[Result "1/2-1/2"]
[ECO "B33"]
[WhiteElo "1711"]
[BlackElo "1910"]
[Annotator "TA"]
[PlyCount "71"]
[EventDate "2022.09.29"]
[EventType "swiss"]
[EventCountry "OMN"]
[SourceTitle "playchess.com"]
[Source "ChessBase"]
[SourceQuality "1"]
[TimeControl "5400+30"]

1. e4 c5 2. Nf3 Nc6 3. d4 cxd4 4. Nxd4 Nf6 5. f3 Qb6 6. Nb3 {[%emt 0:01:53] B33: Sicilian: Pelikan and Sveshnikov Variations.} e6 7. c4 {[%emt 0:01:45] Inhibits d5.} (7. Nc3 $11 {keeps the balance.}) 7... d5 (7... a5 $17 {With the idea ...Bb4+.} 8. Qd3 Nb4) 8. cxd5 exd5 9. exd5 Bb4+ 10. Nc3 O-O {[%emt 0:00:11] [#] aiming for ...Rd8.} 11. dxc6 Re8+ 12. Be2 {[%emt 0:00:00] Black must now prevent Qd4.} bxc6 {[%emt 0:00:07] [#]} 13. Qd4 $146 {[%emt 0:00:00] Hoping for Qxb6.} ({Predecessor:} 13. Kf1 Bxc3 14. bxc3 Rxe2 15. Qxe2 Ba6 16. c4 Re8 17. Qd3 Rd8 18. Be3 Qc7 19. Qc2 {1-0 (31) Merenyi,G (2081)-Bordos,J (2051) Hungary 2004}) 13... c5 {[%emt 0:13:46][%mdl 1024] Black has compensation.} 14. Qf2 Ba6 (14... Bxc3+ $11 15. bxc3 Ba6) 15. O-O $16 {[%emt 0:00:00] [#] Threatens to win with Bxa6.} c4 16. Nd4 (16. Na4 $16 Rxe2 17. Nxb6 Rxf2 18. Rxf2 axb6 19. Bd2) 16... Bc5 17. Na4 (17. Rd1 $14 Rad8 18. Na4 (18. Be3 $2 Rxe3 19. Na4 Rxe2 $19) 18... Bxd4 19. Nxb6 Bxf2+ 20. Kxf2 Rxd1 21. Bxd1 axb6 22. a4) 17... Bxd4 $11 18. Nxb6 Bxf2+ (18... Bxb6 $11 19. Re1 (19. Be3 $2 Bxe3 20. Rfd1 Bxf2+ $19) 19... c3) 19. Rxf2 (19. Kxf2 $14 {is superior.} axb6 20. Rd1) 19... axb6 20. Bg5 Nd5 21. f4 f6 22. Bf3 Rad8 23. Bxd5+ Rxd5 24. Bh4 Red8 {[%emt 0:00:51] And now ...Rd1+ would win.} 25. Rc2 Rd2 26. Rac1 Bb7 (26... Rxc2 $15 {was preferrable.} 27. Rxc2 Rd4) 27. Be1 {[%emt 0:00:00] The position is equal.} Rxc2 28. Rxc2 {[%emt 0:00:00][%mdl 4096] Endgame KRB-KRB} Bd5 29. Bc3 Be4 30. Rd2 Rxd2 31. Bxd2 {[%emt 0:00:00] KB-KB} Kf7 32. Kf2 Ke6 33. g4 Kd5 34. Bc3 Bb1 35. a3 Ke4 36. Kg3 {[%emt 0:12:30] Weighted Error Value: White=0.16 (very precise) /Black=0.15 (very precise)} 1/2-1/2

[Event "Asian Amateur-ch Open 2022"]
[Site "Muscat"]
[Date "2022.10.05"]
[Round "9.4"]
[White "Ranjith, R.k."]
[Black "Junaid Sohail"]
[Result "1-0"]
[ECO "A00"]
[WhiteElo "1706"]
[BlackElo "1981"]
[Annotator "TA"]
[PlyCount "51"]
[EventDate "2022.09.29"]
[EventType "swiss"]
[EventCountry "OMN"]
[SourceTitle "playchess.com"]
[Source "ChessBase"]
[SourceQuality "1"]
[TimeControl "5400+30"]

1. Nc3 d5 2. e4 d4 3. Nce2 e5 4. Ng3 Nf6 5. Bc4 Bd6 6. d3 {[%emt 0:03:46] A00: Irregular Openings.} Nc6 7. a3 a6 8. Nf3 {[%emt 0:02:45] White has an edge.} h6 {[%emt 0:00:20] [#]} 9. h3 $146 ({Predecessor:} 9. O-O O-O 10. Ne1 Bg4 11. f3 Bd7 12. Qe2 Re8 13. f4 Bg4 14. Qf2 Bc8 15. h3 {1-0 (40) Zengin,H (1586)-Eraydin,B (1385) Cesme 2016}) 9... Na5 10. Bd5 c6 11. Ba2 {[%emt 0:00:03] [#] b4 is the strong threat.} (11. Bxf7+ {looks sharper.} Kxf7 12. b4 c5 13. bxa5 Qxa5+ 14. Bd2) 11... c5 {[%emt 0:00:03] Prevents b4.} 12. Nh4 g6 {[%emt 0:04:19] Against Nhf5} 13. O-O b5 (13... Nc6 $11) 14. f4 $16 c4 15. Qe1 cxd3 (15... Bb8 $16) 16. cxd3 $18 Nb7 $2 (16... Nc6 17. Qf2 Rh7) 17. fxe5 Bxe5 18. Nf3 Nd7 {[%emt 0:00:00] [#]} 19. Bxf7+ Kxf7 20. Nxe5+ {[%emt 0:00:08][%mdl 64] Discovered Attack (Double check)} Kg8 21. Nxg6 {[%emt 0:00:52] Hoping for Nh5.} Rh7 22. Nf5 Nf6 23. Nxh6+ Kg7 24. Qg3 (24. e5 $142 Kxg6 25. Rxf6+ Kg7 26. Qg3+ Kh8 27. Nf7+ Rxf7 28. Rxf7 Bg4 29. Qxg4 Qf8 30. Qh5+ Qh6 31. Qxh6+ Kg8 32. Qh7#) 24... Rxh6 25. Bxh6+ Kxh6 26. Ne5 {[%emt 0:00:13] Weighted Error Value: White=0.06 (flawless) /Black=1.12} 1-0